 Dungeon Sprint DCSS version 0.30.0-19-g36f170ea60 (webtiles) character file.

Game seed: 9802198853489526115

439 workbot the Cleaver (level 6, -2/67 HPs)
             Began as a Minotaur Berserker on June 1, 2023.
             Was a Believer of Trog.
             Slain by Sonja
             ... wielding a +2 short sword of distortion
              (10 damage)
             ... in the Dungeon (Sprint I: "Red Sonja").
             The game lasted 00:01:59 (239 turns).

workbot the Cleaver (Minotaur Berserker)             Turns: 239, Time: 00:02:00

Health: -2/67      AC: 12    Str: 23    XL:     6   Next: 70%
Magic:  5/5        EV:  8    Int:  4    God:    Trog [**....]
Gold:   44         SH:  0    Dex: 10    Spells: 5/5 levels left

rFire   . . .        a - +0 hand axe
rCold   . . .        (no shield)
rNeg    . . .        b - +0 plate armour
rPois   .            (helmet restricted)
rElec   .            (no cloak)
rCorr   .            (no gloves)
SInv    .            (no boots)
Will    .....        (no amulet) Stlth
                     (no ring)
HPRegen 0.31/turn    (no ring)
MPRegen 0.09/turn

%: no teleportation
@: lethally poisoned (-2 -> -24), on berserk cooldown, slowed, very slow
A: horns 2, retaliatory headbutt
a: Renounce Religion, Berserk, Trog's Hand


You were in the Dungeon.
You worshipped Trog.
Trog was pleased with you.
You visited 1 branch You collected 297 gold pieces.
You spent 253 gold pieces at shops.

Inventory:

Hand Weapons
 a - a +0 hand axe (weapon)
Armour
 b - a +0 plate armour (worn)
Wands
 i - a wand of light (6)
Scrolls
 h - a scroll of blinking
Potions
 c - a potion of curing
 d - a potion of heal wounds
 e - a potion of haste
 f - 2 potions of magic
 g - a potion of berserk rage
 j - a potion of mutation {unknown}


   Skills:
 + Level 10.9 Fighting
 + Level 11.1 Axes
 + Level 6.3 Armour
 + Level 6.0 Dodging
 + Level 2.1 Stealth
 + Level 0.2 Evocations


You had 5 spell levels left.
You didn't know any spells.
Your spell library was empty.

Dungeon Overview and Level Annotations

Branches:
Dungeon (1/1)

Altars:
Cheibriados
Dithmenos
Elyvilon
Fedhas
Gozag
Hepliaklqana
Kikubaaqudgha
Nemelex Xobeh
Okawaru
Qazlal
Ru
Sif Muna
Trog
Uskayaw
Vehumet
Wu Jian
Yredelemnul
Zin
The Shining One

Shops:
D [

Annotations:
D Sonja


Innate Abilities, Weirdness & Mutations

You have a pair of horns on your head.
You reflexively headbutt those who attack you in melee.


Message History

You see here a yak corpse.
There is an open door here.
You see here a yak corpse.
There is an entrance to Vuhabb's Armour Emporium here.
You see here a +0 ring mail.
You can access your shopping list by pressing '$'.
You feel yourself speed up.
There is an open door here.
You see here a yak corpse.
There is a radiant altar of Vehumet here.
You open the door.
Sonja, the Graceful Assassin comes into view.
She is wielding a +2 short sword of distortion and quivering curare-tipped darts.
Sonja shouts!
Sonja throws a curare-tipped dart.
The curare-tipped dart hits you.
You are poisoned.
You have difficulty breathing.
You feel yourself slow down.
Sonja throws a curare-tipped dart.
The curare-tipped dart hits you.
You are more poisoned.
You have difficulty breathing.
You feel as though you will be slow longer.
Found 108 gold pieces.
You feel extremely sick.
Sonja throws a curare-tipped dart.
The curare-tipped dart hits you.
You are more poisoned.
You have difficulty breathing.
You feel as though you will be slow longer.
There is an open door here.
You feel extremely sick.
Sonja hits you with a +2 short sword of distortion.
Space warps around you!
* * * LOW HITPOINT WARNING * * *
Sonja hits you but does no damage.
Sonja hits you with a +2 short sword of distortion.
* * * LOW HITPOINT WARNING * * *
Space warps around you.
* * * LOW HITPOINT WARNING * * *
Sonja hits you but does no damage. Space warps around you.
* * * LOW HITPOINT WARNING * * *
Sonja hits you but does no damage. Space warps horribly around you!
You die...

#..'..#..'..#..+
#..#####'#####'#
#..####..#...#:#
#..#__####..##[#
#..#_____##'#_.+
#⌠⌠#_.∩...†..._#
####_..__##_.#+#
#_____###'#
####### #@#


+$K$+ #$.$# ##.## #+# You could see Sonja.

Vanquished Creatures
  Sigmund (D)
  A yak (D)
  An ogre (D)
  A jelly (D)
  Ijyb (D)
5 creatures vanquished.

Notes
Turn   | Place    | Note
-------+----------+-------------------------------------------
     0 | D        | workbot the Minotaur Berserker began the quest for the Orb.
     0 | D        | Reached XP level 1. HP: 19/19 MP: 0/0
     6 | D        | Noticed Ijyb
    15 | D        | Killed Ijyb
    16 | D        | Reached skill level 5 in Fighting
    16 | D        | Reached skill level 5 in Axes
    16 | D        | Reached XP level 2. HP: 13/29 MP: 1/1
    81 | D        | Noticed an ogre
    83 | D        | Killed an ogre
    84 | D        | Reached skill level 7 in Axes
    84 | D        | Reached skill level 1 in Stealth
    84 | D        | Reached XP level 3. HP: 39/39 MP: 2/2
    84 | D        | Reached XP level 4. HP: 47/47 MP: 3/3
    99 | D        | Noticed Sigmund
   104 | D        | Killed Sigmund
   104 | D        | Reached ** piety under Trog
   105 | D        | Reached skill level 9 in Axes
   105 | D        | Reached skill level 5 in Armour
   105 | D        | Reached skill level 5 in Dodging
   105 | D        | Reached XP level 5. HP: 58/58 MP: 4/4
   105 | D        | Reached XP level 6. HP: 66/66 MP: 5/5
   164 | D        | Found an ornate altar of the Wu Jian Council.
   164 | D        | Found a shimmering blue altar of Sif Muna.
   166 | D        | Found a radiant altar of Vehumet.
   170 | D        | Reached skill level 10 in Axes
   191 | D        | Found Vuhabb's Armour Emporium.
   191 | D        | Found an ancient bone altar of Kikubaaqudgha.
   191 | D        | Found a hazy altar of Hepliaklqana.
   191 | D        | Found a stormy altar of Qazlal.
   191 | D        | Found a hide-covered altar of Uskayaw.
   191 | D        | Found a blossoming altar of Fedhas.
   191 | D        | Found a bloodstained altar of Trog.
   191 | D        | Found an iron altar of Okawaru.
   191 | D        | Found a basalt altar of Yredelemnul.
   191 | D        | Found a glowing golden altar of the Shining One.
   191 | D        | Found a snail-covered altar of Cheibriados.
   191 | D        | Found a sacrificial altar of Ru.
   191 | D        | Found a glowing silver altar of Zin.
   191 | D        | Found a shadowy altar of Dithmenos.
   191 | D        | Found a white marble altar of Elyvilon.
   191 | D        | Noticed a yak
   199 | D        | Killed a yak
   200 | D        | Reached skill level 10 in Fighting
   200 | D        | Reached skill level 11 in Axes
   200 | D        | Found an opulent altar of Gozag.
   201 | D        | Found a sparkling altar of Nemelex Xobeh.
   205 | D        | Bought a +0 plate armour for 253 gold pieces
   237 | D        | Noticed Sonja
   239 | D        | Slain by Sonja

Illustrated notes

Levels and vault maps discovered:
D:        dungeon_sprint_1 [red_sonja_temple_1, red_sonja_temple_small_1]

Skill      XL: |  1  2  3  4  5  6 |
---------------+-------------------+-----
Fighting       | 5 7 9 10 | 10.9
Axes           | 5 7 9 11 | 11.1
Armour         | 3 4 5 6 |  6.3
Dodging        | 3 4 5 6 |  6.0
Stealth        | 1 2 |  2.1
Evocations     | |  0.2

Action                     |  1- 3 |  4- 6 || total
---------------------------+-------+-------++-------
  Melee: Hand axe          |     9 |    12 ||    21
         Headbutt          |     1 |     5 ||     6
 Invoke: Berserk           |       |     2 ||     2
  Evoke: Wand              |     1 |       ||     1
   Stab: Sleeping          |     1 |       ||     1
 Armour: Ring mail         |       |     4 ||     4
         Plate armour      |       |     3 ||     3
  Dodge: Dodged            |     5 |     2 ||     7
